 Dungeon Crawl Stone Soup version 0.27.1-3-gb3d3a73c9e (webtiles) character file.

Game seed: 10483457304303995786

1194 GameOver the Stinger (level 8, -3/62 HPs)
             Began as a Naga Hedge Wizard on Oct 12, 2021.
             Was a Follower of Kikubaaqudgha.
             Slain by a red ugly thing (6 damage)
             ... on level 6 of the Dungeon.
             The game lasted 00:14:20 (4760 turns).

GameOver the Stinger (Naga Hedge Wizard)            Turns: 4760, Time: 00:14:21

Health: -3/62      AC:  6    Str: 12    XL:     8   Next: 44%
Magic:  0/12       EV: 10    Int: 16    God:    Kikubaaqudgha [*.....]
Gold:   255        SH:  0    Dex: 12    Spells: 4/13 levels left

rFire    + . .     SeeInvis +   w - +4 quarterstaff (chaos)
rCold    + . .     Faith    .   (shield currently unavailable)
rNeg     . . .     Spirit   .   b - +0 robe
rPois    +         Reflect  .   c - +0 hat
rElec    +         Harm     .   t - +2 cloak {Will+}
rCorr    +         Rampage  .   (no gloves)
Will     ++...                  (no barding)
Stlth    +++.......             (no amulet)
HPRegen  0.20/turn              (no ring)
MPRegen  0.13/turn              (no ring)

@: resistant, attractive, very slow
A: AC +2, large, see invisible, deformed body, poison resistance, slowness 2,
spit poison 1, naga tail 1
a: Spit Poison, Renounce Religion, Receive Corpses


You were on level 6 of the Dungeon.
You worshipped Kikubaaqudgha.
Kikubaaqudgha was aware of your devotion.
You visited 1 branch of the dungeon, and saw 6 of its levels.

You collected 255 gold pieces.

Inventory:

Hand Weapons
 a - a +1 dagger of venom
 p - a +1 mace of protection
 s - a +0 spear
 w - a +4 quarterstaff of chaos (weapon)
Missiles
 e - a throwing net
Armour
 b - a +0 robe (worn)
 c - a +0 hat (worn)
 o - a +0 kite shield
 t - a +2 cloak of willpower (worn)
Wands
 h - a wand of iceblast (7)
 m - a wand of digging (5)
 r - a wand of charming (15)
Scrolls
 d - 3 scrolls of enchant weapon {unknown}
 g - 3 scrolls of identify {unknown}
 i - 3 scrolls of immolation {unknown}
 n - a scroll of vulnerability {unknown}
 q - 4 scrolls of enchant armour {unknown}
 u - a scroll of acquirement {unknown}
 v - 2 scrolls of magic mapping {unknown}
Potions
 f - 3 potions of brilliance
 j - a potion of haste
 k - a potion of resistance


   Skills:
 - Level 1.5 Dodging
 + Level 6.7 Stealth
 - Level 3.0 Spellcasting
 - Level 6.0 Conjurations
 - Level 1.0 Summonings
 + Level 2.4 Necromancy
 - Level 3.0 Translocations
 * Level 6.8 Poison Magic


You had 4 spell levels left.
You knew the following spells:

 Your Spells              Type           Power      Damage    Failure   Level
a - Magic Dart            Conj           84%        1d7       1%          1
b - Blink                 Tloc           N/A        N/A       9%          2
d - Mephitic Cloud        Conj/Pois/Air  16%        N/A       10%         3
v - Vampiric Draining     Necr           5%         2d6       21%         3

Your spell library contained the following spells:

 Spells                   Type           Power      Damage    Failure   Level
 Pain                     Necr           40%        1d6       7%          1
 Sublimation of Blood     Necr           5%         N/A       11%         2
 Conjure Flame            Conj/Fire      12%        6-21      16%         3
 Corpse Rot               Necr/Air       N/A        N/A       17%         2
 Call Imp                 Summ           5%         N/A       19%         2
 Slow                     Hex            2%         N/A       28%         2
 Agony                    Necr           10%        N/A       88%         5
 Excruciating Wounds      Necr           5%         N/A       88%         5


Dungeon Overview and Level Annotations

Branches:
Dungeon (6/15)
 Temple: D:4-7

Altars:
Kikubaaqudgha
Yredelemnul

Annotations:
D:4 1 runed translucent door
D:5 1 runed translucent door, AZSletch's ghost, amateur DsGl


Innate Abilities, Weirdness & Mutations

Your serpentine skin is tough. (AC +2)
You have supernaturally acute eyesight. (SInv)
Armour fits poorly on your strangely shaped body.
Your system is resistant to poisons. (rPois)
You cover ground very slowly.
You can spit poison.
You have a snake-like lower body.


Message History

You feel attractive to monsters.
The red ugly thing is engulfed in noxious fumes.
The red ugly thing is pulled toward you!
Casting: Mephitic Cloud (dangerous; 10% risk of failure)
Confirm with . or Enter, or press ? or * to list all spells.
You blink.
The red ugly thing is pulled toward you!
Casting: Blink (safe; 9% risk of failure)
Confirm with . or Enter, or press ? or * to list all spells.
You blink.
The red ugly thing is pulled toward you!
You sock the red ugly thing!
The red ugly thing is heavily wounded.
The red ugly thing barely misses you.
You hit the red ugly thing. You drain the red ugly thing.
The red ugly thing is heavily wounded.
You hit the red ugly thing.
The red ugly thing is poisoned.
The red ugly thing is severely wounded.
Casting: Blink (safe; 9% risk of failure)
Confirm with . or Enter, or press ? or * to list all spells.
Aiming: Mephitic Cloud (dangerous; 10% risk of failure)
Press: ? - help, Shift-Dir - straight line, f/p - red ugly thing
Aim: a red ugly thing (severely wounded, confused, very poisoned, lightly drained, chance to affect: 48%)
The ball explodes into a vile cloud!
The stinking cloud engulfs the red ugly thing but does no damage.
The red ugly thing is severely wounded.
The stinking cloud engulfs you but does no damage.
The red ugly thing is engulfed in noxious fumes.
Unknown command.
Unknown command.
Unknown command.
Unknown command.
Unknown command.
Unknown command.
You sock the red ugly thing! You freeze the red ugly thing.
The red ugly thing is almost dead.
The red ugly thing is engulfed in noxious fumes.
The red ugly thing kicks you.
You die...
Kikubaaqudgha rasps: "You have failed me!
Welcome... death!"

........# ........#
........# ........#
....>...## .♣ #..
.........##'##... #
................ #
#.☼@○.....# # #######
###..u##....# ###.....#
#....○○$....# ........#
#†#...#.....#
##......####.###.......#
##...........#...#.###...#
#............#.....# #.#
#............#...#.#
#............#...#..


You could see a red ugly thing (confused, very poisoned, drained).

Vanquished Creatures
  A black bear (D:4)
  An ice beast (D:5)
  2 necrophages
  An ogre (D:5)
  A phantom (D:5)
  A bullfrog (D:6)
  A scorpion (D:6)
  A water moccasin skeleton (D:5)
  A howler monkey (D:2)
  2 jellies
  An orc priest (D:5)
  Crazy Yiuf (D:3)
  A bullfrog skeleton (D:5)
  A centaur skeleton (D:5)
  2 iguanas (D:5)
  Terence (D:3)
  2 orc wizards
  2 hound skeletons
  6 adders
  A shadow imp (D:5)
  An adder skeleton (D:4)
  4 worms
  10 orcs
  5 bats
  4 giant cockroaches
  4 goblins
  4 hobgoblins
  8 jackals
  2 quokkas
  4 ball pythons
  2 frilled lizards (D:2)
  3 kobolds
  A kobold skeleton (D:4)
  A kobold zombie (D:4)
  4 rats
87 creatures vanquished.

Vanquished Creatures (others)
  An orc (D:3)
1 creature vanquished.

Grand Total: 88 creatures vanquished

Notes
Turn   | Place    | Note
-------+----------+-------------------------------------------
     0 | D:1      | GameOver the Naga Hedge Wizard began the quest for the Orb.
     0 | D:1      | Reached XP level 1. HP: 15/15 MP: 4/4
   293 | D:1      | Reached XP level 2. HP: 22/22 MP: 4/6
   702 | D:1      | Found a faded altar of an unknown god.
  1150 | D:2      | Reached XP level 3. HP: 28/28 MP: 4/7
  1153 | D:2      | Learned a level 2 spell: Blink
  1157 | D:2      | Learned a level 3 spell: Mephitic Cloud
  1244 | D:2      | Reached XP level 4. HP: 24/36 MP: 2/8
  1843 | D:3      | Found an ancient bone altar of Kikubaaqudgha.
  1853 | D:3      | Became a worshipper of Kikubaaqudgha
  1951 | D:3      | Reached XP level 5. HP: 42/42 MP: 7/9
  2492 | D:3      | Found a runed translucent door.
  2493 | D:3      | Noticed Crazy Yiuf
  2613 | D:3      | Noticed Terence
  2716 | D:4      | Found a runed translucent door.
  2716 | D:4      | Noticed a human
  2720 | D:4      | Found a basalt altar of Yredelemnul.
  2755 | D:4      | Reached skill level 5 in Conjurations
  2923 | D:4      | Noticed a black bear
  2939 | D:4      | Killed a black bear
  2940 | D:4      | Reached XP level 6. HP: 21/49 MP: 3/10
  2996 | D:4      | Reached skill level 1 in Poison Magic
  3519 | D:3      | Killed Terence
  3652 | D:3      | Killed Crazy Yiuf
  3721 | D:5      | Entered Level 5 of the Dungeon
  3799 | D:5      | Reached * piety under Kikubaaqudgha
  3799 | D:5      | Received a gift from Kikubaaqudgha
  3804 | D:5      | Learned a level 3 spell: Vampiric Draining
  3823 | D:5      | Reached XP level 7. HP: 49/55 MP: 11/11
  4021 | D:5      | Reached skill level 5 in Stealth
  4136 | D:5      | Reached skill level 5 in Poison Magic
  4154 | D:5      | Reached skill level 1 in Necromancy
  4192 | D:5      | Reached XP level 8. HP: 22/62 MP: 0/12
  4487 | D:5      | Found a runed translucent door.
  4488 | D:5      | Noticed AZSletch's ghost (amateur DsGl)
  4742 | D:6      | Noticed a red ugly thing
  4750 | D:6      | HP: 1/62 [red ugly thing (23)]
  4760 | D:6      | Slain by a red ugly thing

Illustrated notes

Levels and vault maps discovered:
D:1:      dpeg_arrival_brainrot, layout_basic, chequers_ecumenical_altar_island,
          minmay_misc_feat_encased, chequers_decorated_corner
D:2:      layout_basic
D:3:      layout_basic, nicolae_kikubaaqudgha_miasma_corner,
          uniq_crazy_yiuf_cottage, uniq_terence
D:4:      layout_loops_ring, dk_yredelemnul_ordeal
D:5:      layout_basic, ebering_ghost_reflecting_pool, minmay_strange_pillars
D:6:      old_forge, layout_basic, worldfamousw_hep_ancestral_shrine,
          mainiacjoe_overflow_concentric_impassable,
          minmay_temple_entry_antechambers, minmay_stone_trees_small

Skill      XL: |  1  2  3  4  5  6  7  8 |
---------------+-------------------------+-----
Conjurations   | 2 4 6 |  6.0
Poison Magic   | 2 5 6 |  6.8
Translocations | 2 3 |  3.0
Stealth        | 5 6 |  6.7
Necromancy     | 1 2 |  2.4
Dodging        | |  1.5
Spellcasting   | |  3.0
Summonings     | |  1.0

Action                   |  1- 3 |  4- 6 |  7- 9 || total
-------------------------+-------+-------+-------++-------
Melee: Dagger            |     3 |    34 |       ||    37
       Spear             |     2 |       |       ||     2
       Quarterstaff      |       |     7 |    40 ||    47
 Cast: Magic Dart        |    24 |    59 |    53 ||   136
       Blink             |       |     1 |     3 ||     4
       Mephitic Cloud    |       |     5 |     5 ||    10
 Abil: Spit Poison       |    33 |    33 |    15 ||    81
  Use: Potion            |       |     3 |     3 ||     6
 Stab: Confused          |       |     3 |     1 ||     4
Armor: Robe              |     1 |     7 |    15 ||    23
Dodge: Dodged            |     9 |    30 |    22 ||    61
